Map: 2000 Atmospheres LE

Players

Astrea

  • Race: Protoss Protoss

uThermal - Winner!

  • Race: Terran Terran

Event: IEM Katowice 2022

VOD

Have the link to the VOD?

Description

Time

  • Played on: Feb. 23, 2022, 2:16 p.m.
  • Length: 12:59

All games in this series

Show
View Real Time Build Order
Export as new Build Order

Astrea Protoss 

Build Orders: 1 Gate Expand, Double Forge, Blink Stalkers 

Get SALT Encoding   

  12  0:00  Probe  
  13  0:12  Probe  
  14  0:16  Pylon  
  14  0:24  Probe (Chrono Boost)  
  15  0:36  Gateway, Probe (Chrono Boost)  
  16  0:44  Probe (Chrono Boost)  
  16  0:45  Assimilator  
  17  0:51  Probe  
  18  1:03  Probe  
  19  1:15  Probe  
  20  1:22  Cybernetics Core  
  20  1:33  Nexus  
  20  1:36  Probe  
  21  1:41  Pylon  
  21  1:48  Probe  
  21  1:51  Assimilator  
  22  1:59  Adept  
  22  2:00  Probe (Chrono Boost)  
  25  2:02  Warp Gate  
  25  2:10  Probe (Chrono Boost)  
  25  2:15  Probe (Chrono Boost)  
  27  2:23  Twilight Council  
  27  2:26  Probe  
  28  2:32  Stalker  
  30  2:41  Gateway, Probe (Chrono Boost)  
  31  2:45  Probe (Chrono Boost)  
  33  2:55  Probe x2 (Chrono Boost)  
  34  3:00  Blink (Chrono Boost)  
  34  3:03  Probe  
  34  3:05  Probe  
  36  3:15  Probe  
  36  3:16  Stalker (Chrono Boost)  
  36  3:17  Probe  
  40  3:26  Stalker (Chrono Boost)  
  40  3:27  Probe  
  40  3:30  Probe  
  40  3:31  Pylon  
  44  3:38  Robotics Facility  
  44  3:39  Probe  
  44  3:40  Shield Battery  
  45  3:42  Probe  
  46  3:50  Stalker  
  46  3:51  Probe  
  46  3:55  Probe  
  50  4:00  Stalker  
  52  4:06  Nexus  
  52  4:08  Pylon  
  52  4:09  Probe  
  53  4:12  Probe  
  54  4:19  Pylon  
  54  4:26  Probe  
  54  4:30  Probe  
  54  4:38  Probe  
  52  4:42  Probe  
  52  4:44  Observer (Chrono Boost)  
  54  4:50  Probe  
  55  4:54  Forge, Charge, Probe  
  55  4:55  Forge  
  55  4:58  Observer (Chrono Boost)  
  57  5:02  Probe  
  57  5:03  Stalker  
  57  5:06  Probe  
  61  5:14  Probe  
  61  5:15  Gateway x2  
  61  5:17  Gateway  
  61  5:19  Probe (Chrono Boost)  
  64  5:21  Probe (Chrono Boost)  
  65  5:28  Protoss Ground Weapons Level 1 (Chrono Boost)  
  65  5:31  Probe (Chrono Boost)  
  65  5:32  Pylon  
  65  5:33  Probe (Chrono Boost)  
  67  5:36  Probe (Chrono Boost)  
  67  5:39  Probe (Chrono Boost)  
  67  5:40  Probe (Chrono Boost)  
  69  5:43  Probe, Protoss Ground Armor Level 1 (Chrono Boost)  
  69  5:47  Probe  
  71  5:50  Probe  
  71  5:53  Gateway x2  
  71  5:55  Gateway, Probe  
  73  5:59  Probe  
  73  6:02  Probe  
  75  6:11  Sentry, Zealot  
  75  6:12  Nexus, Zealot  
  75  6:15  Pylon, Zealot  
  75  6:17  Zealot  
  85  6:20  Pylon  
  85  6:24  Probe x3  
  88  6:26  Pylon  
  88  6:32  Zealot x2  
  90  6:36  Probe x2, Zealot x2  
  90  6:38  Zealot  
  100  6:42  Pylon  
  100  6:47  Pylon  
  100  6:48  Zealot x2, Observer  
  100  6:52  Zealot x2  
  108  6:55  Zealot  
  110  7:02  Zealot x2  
  110  7:03  Zealot, Observer  
  110  7:04  Pylon, Observer  
  116  7:11  Probe x3  
  116  7:15  Zealot x4  
  127  7:16  Zealot  
  129  7:35  Zealot x6  
  139  7:37  Observer  
  139  7:39  Observer  
  135  7:49  Warp Prism (Chrono Boost), Stalker x2  
  133  7:52  Pylon x2  
  133  7:56  Probe x2  
  133  7:57  Probe x2  
  139  8:02  Zealot x3  
  145  8:07  Observer  
  145  8:08  Assimilator  
  145  8:09  Assimilator  
  145  8:10  Robotics Bay, Robotics Facility  
  145  8:18  Warp Prism  
  146  8:20  Zealot x5  
  146  8:23  Shield Battery  
  146  8:26  Pylon, Shield Battery  
  156  8:27  Shield Battery  
  156  8:29  Zealot  
  156  8:30  Zealot x2  
  160  8:34  Pylon  
  160  8:35  Pylon  
  160  8:36  Pylon  
  160  8:47  Nexus  
  160  8:48  Zealot x5  
  153  8:53  Zealot x2  
  155  8:59  Zealot  
  157  9:08  Zealot x4  
  153  9:15  Zealot x2  
  100  10:14  Nexus  
  100  11:10  Cybernetics Core  
  100  11:12  Pylon  
  100  11:35  Gateway  
  99  11:56  Twilight Council  
  21  12:45  Dark Shrine  
Show
View Real Time Build Order
Export as new Build Order

uThermal Terran - Winner!

Build Orders:  

Get SALT Encoding   

  12  0:00  SCV  
  13  0:12  SCV  
  14  0:17  Supply Depot  
  14  0:24  SCV  
  15  0:38  SCV  
  15  0:40  Barracks  
  16  0:43  Refinery  
  16  0:50  SCV  
  17  1:02  SCV  
  18  1:14  SCV  
  19  1:27  Marine, Orbital Command  
  20  1:42  Command Center  
  20  1:53  SCV  
  21  1:57  Factory  
  21  2:02  Barracks Reactor  
  21  2:05  SCV  
  22  2:14  Supply Depot  
  22  2:17  SCV  
  22  2:21  Refinery  
  23  2:35  SCV  
  24  2:40  Starport  
  24  2:47  SCV  
  24  2:48  Hellion x2  
  29  2:54  Orbital Command  
  29  2:59  SCV  
  29  3:09  Hellion x2  
  29  3:10  Barracks Tech Lab  
  32  3:13  SCV  
  32  3:17  Medivac  
  35  3:21  SCV  
  35  3:25  SCV  
  37  3:33  SCV  
  38  3:38  SCV  
  38  3:39  Supply Depot, Siege Tank  
  38  3:41  Marine  
  43  3:42  Marine  
  44  3:48  SCV  
  44  3:50  SCV  
  44  3:54  Barracks  
  46  4:01  SCV, Marine x2  
  49  4:06  Supply Depot  
  49  4:10  SCV, Barracks  
  49  4:14  Siege Tank  
  49  4:16  SCV  
  54  4:26  Supply Depot  
  54  4:27  SCV, Marine x2  
  54  4:30  SCV  
  52  4:39  SCV  
  52  4:41  Bunker  
  52  4:42  SCV  
  52  4:43  Barracks Tech Lab  
  50  4:46  Marine x2, Siege Tank  
  50  4:51  SCV  
  50  4:52  Engineering Bay  
  56  4:55  SCV  
  56  4:56  Refinery  
  57  5:03  SCV, Stimpack  
  57  5:04  Marauder  
  57  5:05  Marine  
  61  5:07  SCV  
  61  5:12  Supply Depot  
  62  5:14  Marine  
  62  5:16  SCV  
  62  5:18  Terran Infantry Weapons Level 1  
  62  5:19  SCV  
  65  5:22  Marine  
  65  5:24  Marine  
  65  5:25  Marine  
  65  5:26  Combat Shield  
  65  5:28  SCV  
  69  5:31  SCV  
  69  5:33  Marine  
  69  5:34  Supply Depot  
  71  5:37  Factory Reactor  
  71  5:38  Starport Reactor  
  71  5:40  SCV  
  71  5:41  Supply Depot, Marine  
  73  5:42  Marine  
  73  5:44  Marine  
  73  5:49  Supply Depot  
  75  5:55  Barracks, Marine  
  75  5:56  Barracks  
  76  5:59  Marine  
  76  6:01  Marauder  
  76  6:03  Marauder  
  81  6:05  Supply Depot  
  81  6:14  Widow Mine x2, Missile Turret  
  81  6:15  Medivac  
  81  6:18  Medivac  
  89  6:19  Marine  
  89  6:24  Marine x2  
  89  6:25  Marine  
  92  6:28  Missile Turret  
  92  6:30  Refinery  
  93  6:33  Supply Depot  
  93  6:36  Widow Mine x2  
  97  6:41  Supply Depot  
  97  6:45  Marine x2, Medivac  
  101  6:47  Marine  
  101  6:48  Medivac  
  101  6:51  Supply Depot, Marine  
  101  6:52  Marine  
  101  6:53  Marine  
  107  6:57  Widow Mine x2  
  111  7:03  Marine x2  
  113  7:09  Marine  
  113  7:10  Marauder  
  113  7:11  Marauder  
  113  7:13  Supply Depot  
  113  7:15  Marine, Medivac  
  121  7:24  Widow Mine x2, Marine  
  125  7:31  Marine x2, Medivac  
  125  7:32  Marauder  
  125  7:36  Concussive Shells  
  124  7:46  Widow Mine x2  
  124  7:48  Marine x2  
  124  7:49  Marauder  
  118  7:53  Marauder  
  118  7:54  Marine x2  
  122  7:58  Medivac  
  124  8:06  Marine x2  
  124  8:07  Widow Mine x2  
  124  8:09  Supply Depot  
  124  8:10  Marauder  
  124  8:12  Marine  
  132  8:42  Marine  
  107  10:01  Orbital Command  
  105  10:43  Orbital Command  
  105  11:12  Orbital Command  
  104  11:38  Orbital Command  
  101  12:17  Supply Depot  
  101  12:20  Supply Depot  
  101  12:21  Supply Depot  
  101  12:26  Supply Depot  
  101  12:27  Supply Depot  
  75  12:47  Engineering Bay  
  75  12:55  Supply Depot  
  75  12:57  Supply Depot  
  75  12:58  Supply Depot  

Tags
 
Add a new tag
Caveats
  • Supply blocks, unpowered buildings, or Contaminate may cause inaccurate times.
  • Supply counts are checked every 10 seconds.